 Dungeon Crawl Stone Soup version 0.31.0-32-g396128a36d (webtiles) character file.

Game seed: 4982831905564381533

44 Egg the Apothecary (level 3, 0/21 HPs)
             Began as an Octopode Alchemist on Mar 22, 2024.
             Slain by a goblin
             ... wielding a +0 dagger
             ... led by Robin
              (3 damage)
             ... on level 2 of the Dungeon.
             The game lasted 00:02:29 (1207 turns).

Egg the Apothecary (Octopode Alchemist)             Turns: 1207, Time: 00:02:30

Health: 0/21       AC:  1    Str:  7    XL:     3   Next: 62%
Magic:  5/6        EV: 13    Int: 19    God:
Gold:   114        SH:  0    Dex: 12    Spells: 5/6 levels left

rFire   . . .        f - +0 short sword
rCold   . . .        (no shield)
rNeg    . . .        (helmet restricted)
rPois   .            (no amulet)
rElec   .            (no ring)
rCorr   .            (no ring)
SInv    .            (no ring)
Will    .....        (no ring)
Stlth   +++          (no ring)
HPRegen 0.23/turn    (no ring)
MPRegen 0.10/turn    (no ring)
                     (no ring)

%: no passive effects
@: brilliant, hasted, very quick
A: almost no armour, amphibious, 8 rings, camouflage 1, gelatinous body 1,
(nimble swimmer 1), tentacles
a: no special abilities


You were on level 2 of the Dungeon.
You visited 1 branch of the dungeon, and saw 2 of its levels.

You collected 114 gold pieces.

Inventory:

Hand Weapons
 f - a +0 short sword (weapon)
Scrolls
 d - a scroll of identify {unknown}
Potions
 a - a potion of magic


   Skills:
 - Level 2.0 Dodging
 - Level 2.6 Stealth
 - Level 2.0 Spellcasting
 - Level 1.0 Conjurations
 * Level 5.0 Alchemy


You had 5 spell levels left.
You knew the following spells:

 Your Spells              Type           Power      Damage    Failure   Level
a - Sting                 Conj/Alch      76%        1d7       4%          1

Your spell library contained the following spells:

 Spells                   Type           Power      Damage    Failure   Level
 Mercury Vapours          Alch/Air       34%        N/A       9%          2
 Mephitic Cloud           Conj/Alch/Air  14%        N/A       22%         3
 Olgreb's Toxic Radiance  Alch           31%        N/A       22%         4
 Sticky Flame             Fire/Alch      17%        2d5       52%         4


Dungeon Overview and Level Annotations

Branches:
Dungeon (2/15)

Altars:

Annotations:
D:2 Robin


Innate Abilities, Weirdness & Mutations

You cannot wear most types of armour.
You are amphibious.
You can wear up to eight rings at the same time.
Your skin changes colour to match your surroundings (Stealth+).
Your rubbery body absorbs attacks. (AC +1, EV +1)
((You are camouflaged when in or above water. (Stealth+)))
You have tentacles for arms and can constrict up to eight enemies at once.


Message History

You hit the goblin but do no damage. You grab the goblin.
You constrict the goblin. The goblin hits you with a +0 dagger.
You hit the goblin.
You kill the goblin!
You hit the goblin.
You kill the goblin!
You hit the goblin.
You kill the goblin!
Your Alchemy skill increases to level 5!
You barely miss the goblin. You grab the goblin. You constrict the goblin.
The goblin misses you.
You hit the goblin.
You kill the goblin!
Robin roars a battlecry!
Casting: Sting (safe; 4% risk of failure)
Confirm with . or Enter, or press ? or * to list all spells.
Aiming: Sting (safe; 4% risk of failure)
Press: ? - help, Shift-Dir - straight line, f - Robin
Aim: Robin, wielding a +0 spear, wearing a +0 animal skin and wearing a +0 helmet (79% to hit)
The sting hits Robin but does no damage.
Robin is poisoned.
Robin hits you from afar with a +0 spear.
Robin hits you with a +0 spear.
Items here: ))))) ††††.
You barely miss Robin. You grab Robin. You constrict Robin, but do no damage.
Robin throws the goblin at you!
You release your grip on Robin.
The goblin attacks as it pursues you! The goblin hits you with a +0 dagger.
Robin closely misses you.
Robin says, "My goblins will feast on your bones."
Robin throws the goblin at you!
* * * LOW HITPOINT WARNING * * *
It was a potion of brilliance.
You feel clever all of a sudden.
Robin looks more healthy.
The goblin hits you with a +0 dagger.
* * * LOW HITPOINT WARNING * * *
It was a potion of haste.
You feel yourself speed up. The goblin closely misses you.
Robin barely misses you. Robin barely misses you.
The goblin attacks as it pursues you! The goblin hits you with a +0 dagger.
You die...

#.# .. #.######### ..
#.........# ..
##########.### #. ..#
#.# #####.# #.# #.#
....... #.# #.#
.......####g#######.#
....).....)g@)....#.#
.......####.#####.#.#
....... #.# #.#.#
....... #.# #.#.#
....... #.# #.#.#
....... #.# #.#.###
....... ..# #.†...#
....... #.# #######
#.#


You could see Robin and a goblin (strong).

Vanquished Creatures
  An adder (D:2)
  2 bats (D:1)
  3 endoplasms (D:1)
  A giant cockroach (D:1)
  10 goblins
  2 hobgoblins (D:1)
  2 jackals (D:1)
  3 ball pythons (D:1)
  A frilled lizard (D:1)
  5 kobolds
  3 rats
33 creatures vanquished.

Notes
Turn   | Place    | Note
-------+----------+-------------------------------------------
     0 | D:1      | Egg the Octopode Alchemist began the quest for the Orb.
     0 | D:1      | Reached XP level 1. HP: 11/11 MP: 3/3
   140 | D:1      | Reached XP level 2. HP: 17/17 MP: 1/5
   237 | D:1      | Reached skill level 4 in Alchemy
   655 | D:1      | Reached XP level 3. HP: 21/21 MP: 6/6
  1160 | D:2      | Noticed Robin
  1196 | D:2      | Reached skill level 5 in Alchemy
  1207 | D:2      | Slain by a goblin

Illustrated notes

Levels and vault maps discovered:
D:1:      dreamdust_arrival_sigmund_warning, layout_loops_corners
D:2:      layout_basic, hellmonk_ecumenical_altar_leap_of_faith,
          hangedman_feature_mirror, corexii_hall_statues_l, minmay_tripent,
          uniq_terence, uniq_robin, uniq_jessica

Skill      XL: |  1  2  3 |
---------------+----------+-----
Alchemy        | 4 5 |  5.0
Dodging        | |  2.0
Stealth        | |  2.6
Spellcasting   | |  2.0
Conjurations   | |  1.0

Action                     || total
---------------------------++-------
  Melee: Club              ||    39
         Constrict         ||    17
         Tentacles         ||    12
         Short sword       ||    26
   Cast: Sting             ||     9
    Use: Potion            ||     2
   Stab: Sleeping          ||    11
 Armour: Skin              ||    32
  Dodge: Dodged            ||    37
